Unix NetHack Version 5.0.0-0 post-release - last build May 23 2026 06:08:33 (1c0ff79ee797540d5714e4e18072db0edd9e58ae,branch:main).

Game began 2026-05-19 04:45:54, ended 2026-05-25 04:17:12.

AuraMoom, chaotic male human Ranger

                                         --------                   -------
                                         |(.....|       -----       |....<|
                                         |..._._.###    |.^.|       |.....|
                                         |._....|  ##   |....#######......|
            ---+-                        |......|   #   |...|       |.....|
            |..@-########################|......|   #   |...|       ---|---
            ..f%|                       #|.......#  ####....|          ##
            |...|                       #---.----##     ---.-           #
            |....#                      ### #     ##       #            #
            ---.-##                       ######## #     ###            #
                 ###                        #     ##     #              #
                   ###                      #     ##     #              #!#
                   ###                     ##      #   ###  #           --|---
                                          ##       #  -.----.----       |....|
                                        --.------  ###|.........|       |!!..|
                                        |........#####%>........|       |!!!.|
                                        +.......|     |.........|       |!!..|
                                        ---------     -----------       ------

AuraMoom the Lookout         St:13 Dx:12 Co:13 In:13 Wi:14 Ch:7  Chaotic
Dlvl:4  $:8  HP:0(31) Pw:21(21) AC:7  Xp:4 T:2101 

Latest messages:
 You kill the cave spider!
 The giant rat strikes at your displaced image and misses you!
 You miss the giant rat.
 The giant rat strikes at your displaced image and misses you!
 You hit the giant rat.
 The giant rat strikes at your displaced image and misses you!
 You miss the giant rat.
 The giant rat strikes at your displaced image and misses you!
 You kill the giant rat!
 You see here a giant rat corpse.
 You miss the rothe.
 You miss the rothe.
 The rothe hits!
 The rothe bites!
 The rothe bites again!
 You kill the rothe!
 There is a giant rat corpse here; eat it? [ynq] (n) y
 Blecch!  Rotten food!
 The world spins and goes dark.
 You are conscious again.
 You see here a rothe corpse.
 Sirius eats a partly eaten giant rat corpse.
 You have a little trouble lifting a rothe corpse.  Continue? [ynq] (q) y
 You have a little trouble lifting x - a rothe corpse.
 Your movements are slowed slightly because of your load.
 Where do you want to travel to?
 (For instructions type a '?')
 You swap places with Sirius.
 The kitten bites!
 Where do you want to travel to?
 (For instructions type a '?')
 Where do you want to travel to?
 (For instructions type a '?')
 The kitten bites!
 What do you want to drop? [$a-hjkm-rv-x or ?*] ?
 You drop a rothe corpse.
 Your movements are now unencumbered.
 The kitten bites!
 You hear someone cursing shoplifters.
 The kitten bites!
 You hit the kitten.
 The kitten bites!
 You hit the kitten.
 The kitten bites!
 You die...
 Do you want your possessions identified? [ynq] (y) y
 Do you want to see your attributes? [ynq] (y) n
 Do you want an account of creatures vanquished? [ynaq] (y) n
 Do you want to see your conduct and achievements? [ynq] (y) n
 Do you want to see the dungeon overview? [ynq] (y) n

Inventory:
 Coins    ('$')
  $ - 8 gold pieces
 Weapons  (')')
  m - a blessed +0 arrow
  c - 53 +2 arrows (in quiver)
  d - 51 +0 arrows
  o - a corroded +2 arrow
  b - a +1 bow (alternate weapon; not wielded)
  g - a +0 sling
  a - a +1 dagger (weapon in right hand)
  w - a +0 flail
 Armor    ('[')
  e - an uncursed +2 cloak of displacement (being worn)
 Comestibles  ('%')
  f - 4 uncursed cram rations
  n - 2 uncursed food rations
 Scrolls  ('?')
  k - an uncursed scroll of create monster
  h - an uncursed scroll of enchant armor
 Potions  ('!')
  p - an uncursed potion of healing
  v - 3 uncursed potions of water
 Gems/Stones  ('*')
  j - a cursed worthless piece of blue glass
  q - an uncursed worthless piece of violet glass
  r - an uncursed worthless piece of white glass

AuraMoom the Ranger's attributes:

Background:
 You were a Lookout, a level 4 male human Ranger.
 You were chaotic, on a mission for Mars
 who was opposed by Mercury (lawful) and Venus (neutral).
 You were right-handed.
 You were in the Dungeons of Doom, on level 4.
 You entered the dungeon 2101 turns ago.
 It was nighttime.
 You had 124 experience points, 36 more were needed to attain level 5.

Basics:
 You had 0 out of 31 hit points.
 You had all 21 energy points (spell power).
 Your armor class was 7.
 Your wallet contained 8 zorkmids.
 Autopickup was on for all types, with exceptions.

Final Characteristics:
 Your strength was 13 (peak:15, limit:18/100).
 Your dexterity was 12 (limit:18).
 Your constitution was 13 (limit:18).
 Your intelligence was 13 (limit:18).
 Your wisdom was 14 (peak:15, limit:18).
 Your charisma was 7 (limit:18).

Final Status:
 You weren't hungry.
 You were unencumbered.
 You were wielding a dagger.
 You had basic skill with dagger.

Final Attributes:
 You were piously aligned.
 You had automatic searching.
 You were displaced.
 You were warded.
 You were fast.
 You are dead.

Miscellaneous:
 You didn't encounter any bones levels.
 Total elapsed playing time was 2 hours, 2 minutes and 50 seconds.

Major events:
 Turn
    1: AuraMoom the chaotic male human Ranger entered the dungeon
 1184: attained the rank of Lookout (level 3)
 2101: killed by a kitten

You didn't know any spells.

Skills:
 Fighting Skills
   bare handed combat [Unskilled]
   riding             [Unskilled]
 Weapon Skills
   dagger             [Basic]
   knife              [Unskilled]
   axe                [Unskilled]
   pick-axe           [Unskilled]
   short sword        [Unskilled]
   morning star       [Unskilled]
   flail              [Unskilled]
   hammer             [Unskilled]
   quarterstaff       [Unskilled]
   polearms           [Unskilled]
   spear              [Unskilled]
   trident            [Unskilled]
   bow                [Basic]
   sling              [Unskilled]
   crossbow           [Unskilled]
   dart               [Unskilled]
   shuriken           [Unskilled]
   boomerang          [Unskilled]
   whip               [Unskilled]
 Spellcasting Skills
   healing spells     [Unskilled]
   divination spells  [Unskilled]
   escape spells      [Unskilled]

Voluntary challenges:
 Character rerolling was not enabled.
 You never genocided any monsters.
 You never polymorphed an object.
 You never changed form.
 You used no wishes.
Achievements:
 You attained the rank of Lookout.
 You entered a shop.

 The Dungeons of Doom: levels 1 to 4
    Level 1:
       Some fountains.
    Level 2:
    Level 3:
    Level 4: <- You were here.
       A potion shop, many altars.
       Final resting place for
          you, killed by a kitten.


Vanquished creatures:
  a rock mole
  a shrieker
  2 rothes
 an orc zombie
  a dwarf zombie
 an iguana
 an acid blob
  2 gas spores
  a hobbit
  a giant rat
  a cave spider
  3 yellow molds
  3 red molds
  a gnome zombie
  a gecko
  7 jackals
  a fox
  a kobold
  3 goblins
  2 sewer rats
  4 grid bugs
  4 lichens
  2 kobold zombies
  3 newts
48 creatures vanquished.

No species were genocided or became extinct.

Game over:
                       ----------
                      /          \
                     /    REST    \
                    /      IN      \
                   /     PEACE      \
                  /                  \
                  |     AuraMoom     |
                  |       8 Au       |
                  |   killed by a    |
                  |      kitten      |
                  |                  |
                  |                  |
                  |       2026       |
                 *|     *  *  *      | *
        _________)/\\_//(\/(/\)/\//\/|_)_______

Goodbye AuraMoom the Ranger...

You died in The Dungeons of Doom on dungeon level 4 with 674 points,
and 8 pieces of gold, after 2101 moves.
You were level 4 with a maximum of 31 hit points when you died.

